 Dungeon Crawl Stone Soup version 0.29.0-4-gdea44cf6ec (webtiles) character file.

Game seed: 7383732727864739647

777 qw the Cleaver (level 7, 0/61 HPs)
             Began as a Minotaur Berserker on Sept 9, 2022.
             Was a Priest of Trog.
             Killed from afar by a white imp (2 damage)
             ... with a puff of frost
             ... summoned by Eustachio
             ... on level 5 of the Dungeon.
             The game lasted 00:01:45 (5679 turns).

qw the Cleaver (Minotaur Berserker)                 Turns: 5679, Time: 00:01:45

Health: 0/61       AC: 13    Str: 23      XL:     7   Next: 54%
Magic:  5/5        EV:  6    Int:  4      God:    Trog [***...]
Gold:   230        SH:  0    Dex:  3 (10) Spells: 6/6 levels left

rFire   . . .      SeeInvis .   Y - +0 hand axe
rCold   . . .      Faith    .   (no shield)
rNeg    . . .      Spirit   .   e - +0 plate armour
rPois   .          Reflect  .   (helmet restricted)
rElec   .          Harm     .   j - +0 cloak
rCorr   .          Rampage  .   (no gloves)
Will    .....                   (no boots)
Stlth   ..........              (no amulet)
HPRegen 0.20/turn               (no ring)
MPRegen 0.09/turn               (no ring)

@: about to teleport, on berserk cooldown
A: horns 2, retaliatory headbutt, deterioration 1, low MP 1, sense surroundings
1
a: Renounce Religion, Berserk, Trog's Hand


You were on level 5 of the Dungeon.
You worshipped Trog.
Trog was most pleased with you.
You visited 1 branch of the dungeon, and saw 5 of its levels.
You also visited: Sewer.

You collected 230 gold pieces.


Innate Abilities, Weirdness & Mutations

You have a pair of horns on your head.
You reflexively headbutt those who attack you in melee.
Your body sometimes deteriorates upon taking damage.
Your magical capacity is low. (-10% MP)
You passively map a small area around you.


   Skills:
 - Level 5.3 Fighting
 + Level 9.2 Axes
 - Level 1.0 Throwing
 - Level 4.2 Armour
 - Level 2.1 Dodging


You had 6 spell levels left.
You didn't know any spells.
Your spell library was empty.

Inventory:

Hand Weapons
 l - a +0 vampiric whip
 Y - a +0 hand axe (weapon)
Armour
 e - a +0 plate armour (worn)
 j - a +0 cloak (worn)
Scrolls
 g - a scroll of teleportation
 k - a scroll of identify
 o - a scroll of butterflies {unknown}
Potions
 a - a potion of mutation
 b - a potion of brilliance {unknown}
 c - a potion of degeneration {unknown}
 d - a potion of heal wounds {unknown}
 f - 2 potions of attraction {unknown}
 h - a potion of might {unknown}
 i - a potion of magic {unknown}
 m - a potion of berserk rage {unknown}
 n - a potion of curing
 p - a potion of invisibility {unknown}

Dungeon Overview and Level Annotations

Branches:
Dungeon (5/15)             Temple (0/1) D:5           Sewer (visited)

Altars:
Hepliaklqana
Uskayaw
Vehumet
Yredelemnul

Shops:
D:2 (

Annotations:
D:4 1 runed translucent door, qw's ghost, amateur DsCA
D:5 Eustachio


Message History

The white imp gestures at you.
The puff of frost hits you but does no damage.
The shadow imp grinds its teeth.
5676 ||| READING 2 scrolls of teleportation.
As you read the scroll of teleportation, it crumbles to dust.
You feel strangely unstable.
The quasit bites you but does no damage.
The quasit claws you but does no damage. x2
The white imp barely misses you.
Eustachio casts a spell.
Eustachio blinks!
The shadow imp hits you but does no damage.
The quasit bites you but does no damage.
The quasit barely misses you.
The quasit claws you but does no damage.
You closely miss the quasit. Your headbutt misses the quasit.
The quasit is almost dead.
You hit the white imp. You hit the shadow imp.
The quasit bites you but does no damage.
The quasit claws you but does no damage. x2
The shadow imp hits you. The white imp hits you. The white imp freezes you.
The quasit bites you but does no damage.
The quasit claws you but does no damage. x2
The shadow imp hits you but does no damage.
The white imp completely misses you.
You hit the quasit.
You kill the quasit!
The quasit disappears in a puff of smoke!
You hit the white imp but do no damage. You closely miss the shadow imp.
You feel yourself speed up. The shadow imp hits you.
The white imp hits you but does no damage.
You hit the shadow imp.
The shadow imp is severely wounded.
You barely miss the white imp. The shadow imp gestures at you.
Pain shoots through your body! The white imp gestures at you.
The puff of frost hits you.
You die...

, #........#..##.#........
..>..##....# .#........
.....#....## .#........ *
.# * ..##....# #........
...#*#.#..#..# ,#........
* .....#?#.....#
*,#........ *
.............# ,#........
......#.#....###.#####....
........5@.......* ###....
* ........#5ยค......
,..#.... *
........#........ #.##'##
........#.......#.##.##.#
........#.......+,....#.#
,
.....!..#.#.....#.##.##.#
........#...............#
*,..........#########.####
* , *##### #.#


You could see a white imp (summoned) and a shadow imp (summoned).

Vanquished Creatures
  2 ogres (D:5)
  A scorpion (D:5)
  3 hounds (D:5)
  4 jellies
  3 orc wizards
  7 adders
  4 gnolls (D:5)
  4 river rats
  3 worms
  A dart slug (D:4)
  9 orcs
  15 endoplasms
  5 giant cockroaches
  5 goblins
  7 hobgoblins
  8 jackals
  5 quokkas
  11 ball pythons
  9 bats
  7 frilled lizards
  5 kobolds
  5 rats
123 creatures vanquished.

Notes
Turn   | Place    | Note
-------+----------+-------------------------------------------
     0 | D:1      | qw the Minotaur Berserker began the quest for the Orb.
     0 | D:1      | Reached XP level 1. HP: 19/19 MP: 0/0
     0 | D:1      | 0 ||| qw: Version: 0.1-a-113-g051387a
     0 | D:1      | 0 ||| qw: Game counter: 7158
     0 | D:1      | 0 ||| qw: Always use a shield: true
     0 | D:1      | 0 ||| qw: Do Orc after D:15 true
     0 | D:1      | 0 ||| qw: Do second Lair branch before Depths: true
     0 | D:1      | 0 ||| qw: Lair rune preference: random
     0 | D:1      | 0 ||| qw: Plans: Normal
     0 | D:1      | 0 ||| PLANNING D:1-11
    81 | D:1      | 81 ||| Stepping ~*~*~tactically~*~*~ (stealth).
    82 | D:1      | 82 ||| Stepping ~*~*~tactically~*~*~ (stealth).
    89 | D:1      | 89 ||| Stepping ~*~*~tactically~*~*~ (stealth).
    90 | D:1      | 90 ||| Stepping ~*~*~tactically~*~*~ (stealth).
    92 | D:1      | 92 ||| Stepping ~*~*~tactically~*~*~ (stealth).
   100 | D:1      | Reached skill level 4 in Axes
   158 | D:1      | Reached XP level 2. HP: 26/26 MP: 1/1
   752 | D:1      | Found a faded altar of an unknown god.
   892 | D:1      | Reached skill level 5 in Axes
   979 | D:1      | 979 ||| Stepping ~*~*~tactically~*~*~ (stealth).
   987 | D:1      | Reached XP level 3. HP: 23/31 MP: 2/2
  1091 | D:1      | 1091 ||| UPGRADING to +0 plate armour.
  1101 | D:1      | 1101 ||| DROPPING +0 animal skin.
  1102 | D:1      | 1102 ||| UPGRADING to +0 cloak.
  1107 | D:1      | 1107 ||| READING scroll labelled VISEELESCHE.
  1240 | D:1      | 1240 ||| READING 2 scrolls labelled XUGOASMUNI.
  1348 | D:2      | 1348 ||| INVOKING Berserk.
  1402 | D:2      | 1402 ||| Stepping ~*~*~tactically~*~*~ (stealth).
  1403 | D:2      | 1403 ||| Stepping ~*~*~tactically~*~*~ (stealth).
  1404 | D:2      | 1404 ||| Stepping ~*~*~tactically~*~*~ (stealth).
  1405 | D:2      | 1405 ||| Stepping ~*~*~tactically~*~*~ (stealth).
  1409 | D:2      | Reached ** piety under Trog
  1435 | D:2      | 1435 ||| Stepping ~*~*~tactically~*~*~ (stealth).
  1436 | D:2      | 1436 ||| Stepping ~*~*~tactically~*~*~ (stealth).
  1437 | D:2      | 1437 ||| Stepping ~*~*~tactically~*~*~ (stealth).
  1449 | D:2      | Reached skill level 1 in Throwing
  1477 | D:2      | 1477 ||| DROPPING +0 club.
  1708 | D:2      | Found Rejifut's Weapon Shoppe.
  1752 | D:2      | 1752 ||| SHOPLISTING +7 war axe of the Known World {flame,
                  | Dex+3} (546 gold, have 85).
  1922 | D:2      | 1922 ||| READING scroll labelled DOSTRA FIOFA.
  1923 | D:2      | 1923 ||| DRINKING 2 red potions.
  2024 | D:2      | 2024 ||| DROPPING potion of ambrosia.
  2072 | D:3      | Found a hide-covered altar of Uskayaw.
  2125 | D:3      | 2125 ||| Stepping ~*~*~tactically~*~*~ (stealth).
  2134 | D:3      | Reached XP level 4. HP: 31/39 MP: 3/3
  2136 | D:3      | 2136 ||| FLEEEEING.
  2137 | D:3      | 2137 ||| FLEEEEING.
  2138 | D:3      | 2138 ||| FLEEEEING.
  2139 | D:3      | 2139 ||| FLEEEEING.
  2141 | D:3      | 2141 ||| FLEEEEING.
  2142 | D:3      | 2142 ||| FLEEEEING.
  2145 | D:3      | 2145 ||| FLEEEEING.
  2146 | D:3      | 2146 ||| FLEEEEING.
  2147 | D:3      | 2147 ||| FLEEEEING.
  2148 | D:3      | 2148 ||| FLEEEEING.
  2149 | D:3      | 2149 ||| FLEEEEING.
  2150 | D:3      | 2150 ||| FLEEEEING.
  2151 | D:3      | 2151 ||| FLEEEEING.
  2152 | D:3      | 2152 ||| FLEEEEING.
  2154 | D:3      | 2154 ||| STAIRDANCE
  2339 | D:2      | 2339 ||| READING 2 scrolls labelled HEXTEONWOFEN.
  2340 | D:2      | 2340 ||| DROPPING scroll of amnesia.
  2343 | D:3      | 2343 ||| INVOKING Berserk.
  2344 | D:3      | 2344 ||| INVOKING Berserk.
  2351 | D:3      | Reached skill level 6 in Axes
  2453 | D:3      | 2453 ||| DROPPING +0 flail.
  2454 | D:3      | 2454 ||| DROPPING +0 mace.
  2937 | D:3      | 2937 ||| DRINKING 2 bubbling orange potions.
  2944 | D:4      | 2944 ||| PLANNING SEWER
  2952 | D:4      | 2952 ||| STAIRDANCE
  3059 | D:4      | Found a hazy altar of Hepliaklqana.
  3059 | D:4      | Found a radiant altar of Vehumet.
  3059 | D:4      | Found a basalt altar of Yredelemnul.
  3103 | D:4      | 3103 ||| Stepping ~*~*~tactically~*~*~ (stealth).
  3104 | D:4      | 3104 ||| Stepping ~*~*~tactically~*~*~ (stealth).
  3110 | D:4      | Reached XP level 5. HP: 45/45 MP: 4/4
  3145 | D:4      | 3145 ||| INVOKING Berserk.
  3149 | D:4      | Reached skill level 7 in Axes
  3153 | D:4      | Reached skill level 3 in Armour
  3271 | D:4      | Found a glowing drain.
  3272 | D:4      | 3272 ||| READING scroll labelled VURESCH VOTEAGG.
  3273 | D:4      | 3273 ||| READING scroll labelled ENOIQU TYQERRA.
  3274 | D:4      | 3274 ||| DRINKING 2 smoky pink potions.
  3275 | D:4      | 3275 ||| DROPPING potion of flight.
  3276 | D:4      | 3276 ||| READING 2 scrolls of teleportation.
  3314 | Sewer    | Entered a sewer
  3331 | Sewer    | 3331 ||| Stepping ~*~*~tactically~*~*~ (water).
  3409 | Sewer    | Reached *** piety under Trog
  3583 | Sewer    | 3583 ||| INVOKING Berserk.
  3585 | Sewer    | Reached XP level 6. HP: 52/52 MP: 5/5
  3588 | Sewer    | Found a shimmering altar of Xom.
  3739 | Sewer    | 3739 ||| Stepping ~*~*~tactically~*~*~ (stealth).
  3747 | Sewer    | 3747 ||| INVOKING Berserk.
  3751 | Sewer    | Reached skill level 8 in Axes
  3865 | Sewer    | 3865 ||| READING scroll labelled ZINESE RIGG.
  3866 | Sewer    | 3866 ||| READING scroll labelled SIT CIRAXZU.
  3867 | Sewer    | 3867 ||| READING scroll labelled TATEOBUEQA.
  3868 | Sewer    | 3868 ||| DRINKING 2 cyan potions.
  3868 | Sewer    | Gained mutation: You passively map a small area around you.
                  | [potion of mutation]
  3868 | Sewer    | Gained mutation: Your body sometimes deteriorates upon
                  | taking damage. [potion of mutation]
  3868 | Sewer    | Gained mutation: Your magical capacity is low. (-10% MP)
                  | [potion of mutation]
  3888 | D:4      | 3888 ||| PLANNING D:1-11
  3996 | D:4      | 3996 ||| INVOKING Berserk.
  4313 | D:4      | Found a runed translucent door.
  4314 | D:4      | Noticed qw's ghost (amateur DsCA)
  4586 | D:4      | 4586 ||| READING scroll labelled ROYNLA DUMIUL.
  4687 | D:4      | 4687 ||| READING scroll labelled BYUFERE PIYHIR.
  4695 | D:5      | Entered Level 5 of the Dungeon
  4997 | D:5      | 4997 ||| INVOKING Berserk.
  5000 | D:5      | Reached skill level 9 in Axes
  5000 | D:5      | Reached XP level 7. HP: 59/59 MP: 5/5
  5424 | D:5      | 5424 ||| Stepping ~*~*~tactically~*~*~ (stealth).
  5512 | D:5      | 5512 ||| INVOKING Berserk.
  5629 | D:5      | Found a staircase to the Ecumenical Temple.
  5633 | D:5      | Noticed Eustachio
  5634 | D:5      | 5634 ||| Stepping ~*~*~tactically~*~*~ (hiding).
  5638 | D:5      | 5638 ||| INVOKING Berserk.
  5675 | D:5      | HP: 15/61 [quasit[Eustachio] (2)]
  5676 | D:5      | 5676 ||| READING 2 scrolls of teleportation.
  5678 | D:5      | HP: 7/61 [shadow imp[Eustachio] (3)]
  5679 | D:5      | HP: 2/61 [shadow imp/nerve-wracking pain[Eustachio] (5)]
  5679 | D:5      | Killed from afar by a white imp

Levels and vault maps discovered:
D:1:      minmay_arrival_checkered_box, layout_basic,
          dreamdust_ecumenical_altar_hidden_monk_grotto
D:2:      layout_rooms, serial_shops, nicolae_shop_bloodbath_and_beyond,
          dreamdust_princess_bridge
D:3:      layout_rooms, eat_drink_and_be_merry_uskayaw
D:4:      layout_basic, chequers_temple_overflow_statue_of_worship,
          cheibrodos_sewer_entry_sluice, ebering_ghost_reflecting_pool,
          nicolae_eternal_life, minmay_misc_feat_doors
D:5:      layout_basic, minmay_temple_entry_slanted, serial_shops, shop,
          nicolae_elevator_lobby_plus, uniq_eustachio, uniq_pikel, uniq_menkaure

Skill      XL: |  1  2  3  4  5  6  7 |
---------------+----------------------+-----
Axes           | 4 5 6 7 9 |  9.2
Throwing       | 1 |  1.0
Armour         | 3 4 |  4.2
Fighting       | 4 5 |  5.3
Dodging        | |  2.1

Action                   |  1- 3 |  4- 6 |  7- 9 || total
-------------------------+-------+-------+-------++-------
Melee: Hand axe          |    66 |   173 |    70 ||   309
       Headbutt          |     8 |    19 |    14 ||    41
       Punch             |       |     1 |     3 ||     4
Throw: Boomerang         |     8 |       |       ||     8
       Javelin           |    31 |    12 |     1 ||    44
Invok: Berserk           |     1 |     6 |     2 ||     9
  Use: Scroll            |     3 |     9 |     1 ||    13
       Potion            |     1 |     3 |       ||     4
Armor: Animal skin       |     8 |       |       ||     8
       Plate armour      |    21 |    90 |   152 ||   263
Dodge: Dodged            |    39 |    52 |    59 ||   150

Table legend:
 A = Non-vault XP
 B = Vault XP
 C = Vault XP percentage of total XP
 D = Non-vault monster count
 E = Vault monster count
 F = Vault count percentage of total count
                 A         B        C        D         E       F
            +---------+---------+-------+---------+---------+-------
      Total |     897 |     214 |  19.3 |      93 |      30 |  24.4
            +---------+---------+-------+---------+---------+-------
        D:1 |      45 |       0 |   0.0 |      25 |       0 |   0.0
        D:2 |      46 |       0 |   0.0 |      19 |       0 |   0.0
        D:3 |      88 |       0 |   0.0 |      14 |       0 |   0.0
        D:4 |     190 |      16 |   7.8 |      22 |       4 |  15.4
        D:5 |     528 |       0 |   0.0 |      13 |       0 |   0.0
      Sewer |       0 |     198 | 100.0 |       0 |      26 | 100.0
            +---------+---------+-------+---------+---------+-------
